 Dungeon Crawl Stone Soup version 0.18.1-50-g88ac8fd (webtiles) character file.

48 Nordron the Changer (level 3, 1/31 HPs)
             Began as a Naga Transmuter on Sept 29, 2016.
             Quit the game on level 3 of the Dungeon.
             The game lasted 00:07:26 (2035 turns).

Nordron the Changer (Naga Transmuter)               Turns: 2035, Time: 00:07:26

Health: 1/31       AC:  6    Str: 12    XL:     3   Next: 72%
Magic:  6/6        EV:  7    Int: 13    God:
Gold:   58         SH:  0    Dex: 12    Spells: 1 memorised, 5 levels left

rFire  + . .     SeeInvis +     m - -2 whip (curse)
rCold  . . .     Gourm    .     j - +2 scale mail {rF+}
rNeg   . . .     Faith    .     (no shield)
rPois  +         Spirit   .     (no helmet)
rElec  .         Dismiss  .     (no cloak)
rCorr  .         Reflect  .     (no gloves)
SustAt .         Harm     .     (no barding)
MR     .....                    (no amulet)
Stlth  ..........               (no ring)
                                (no ring)

@: lethally poisoned (1 -> -1), appendage (expiring), very slow, not resistant
to hostile enchantments, extremely unstealthy
A: horns 2, see invisible, deformed body, poison resistance, slowness 2, slow
metabolism 1, spit poison 2, AC +1
a: Spit Poison, End Transformation


You were on level 3 of the Dungeon.
You were not hungry.
You had grown temporary horns.
You visited 1 branch of the dungeon, and saw 3 of its levels.

You collected 58 gold pieces.

Inventory:

Hand Weapons
 g - a +2 vampiric dagger
 i - a +0 dagger
 m - a cursed -2 whip (weapon)
Missiles
 a - 21 arrows
Armour
 b - a +0 robe
 j - a +2 scale mail of fire resistance (worn)
 n - a +0 leather armour
 p - a +0 leather armour
Jewellery
 r - an uncursed ring of fire
Scrolls
 s - a scroll of identify
Potions
 e - a potion of heal wounds
 l - a potion of lignification {unknown}
 o - a potion of ambrosia {unknown}
 q - a potion of cancellation {unknown}
Books
 c - a book of Changes

   Spells                             Type                      Level
   a - Beastly Appendage              Transmutation                1
   b - Sticks to Snakes               Transmutation                2
   c - Spider Form                    Transmutation/Poison         3
   d - Ice Form                       Ice/Transmutation            4
   e - Blade Hands                    Transmutation                5
Comestibles
 d - 3 bread rations
 f - a slice of pizza
 h - 2 meat rations


   Skills:
 + Level 1.2 Fighting
 + Level 0.0 Armour
 - Level 1.5 Dodging
 - Level 0.4 Stealth
 + Level 3.1 Unarmed Combat
 + Level 2.4 Spellcasting
 * Level 3.3 Transmutations


You had 5 spell levels left.
You knew the following spells:

 Your Spells              Type           Power        Failure   Level  Hunger
a - Beastly Appendage     Trmt           ##....       38%         1    #......


Dungeon Overview and Level Annotations

Branches:
Dungeon (3/15)

Altars:


Innate Abilities, Weirdness & Mutations

You cannot wear boots.
Your serpentine skin is tough (AC +1).
You have supernaturally acute eyesight.
Armour fits poorly on your strangely shaped body.
Your system is resistant to poisons.
You cover ground very slowly.
You have a slow metabolism.
You can spit poison.
You have a pair of horns on your head.


Message History

You closely miss the adder.
The jackal bites you but does no damage.
The adder bites you. The adder bites you but does no damage.
The jackal bites you but does no damage.
You hit the adder but do no damage. The adder barely misses you.
The adder bites you but does no damage.
The jackal bites you but does no damage.
The adder bites you but does no damage. The adder bites you.
* * * LOW HITPOINT WARNING * * *
The jackal bites you but does no damage.
You miss the adder.
You feel sick. The jackal barely misses you.
The adder bites you but does no damage. The adder closely misses you.
You hit the adder. Your headbutt misses the adder.
The adder is lightly wounded.
The jackal closely misses you. The adder bites you but does no damage.
The adder bites you.
* * * LOW HITPOINT WARNING * * *
The jackal barely misses you. The adder bites you but does no damage.
The adder barely misses you.
Are you sure you want to abandon this character and quit the game? (Confirm with "yes".)

.........#
.......<.#
.........#
.........#
.........#
.........#
.......h<#
.#....S###
###..h@.#
###.#S?......
#..........
###........
.........
...#(....
.####.... ..
....


You could see 2 adders and 2 jackals.

Vanquished Creatures
  2 oozes
  A dart slug (D:1)
  3 bats
  2 giant cockroaches
  5 goblins
  4 hobgoblins
  2 jackals (D:1)
  9 kobolds
  3 giant newts
  5 rats
36 creatures vanquished.

Notes
Turn   | Place    | Note
--------------------------------------------------------------
     0 | D:1      | Nordron the Naga Transmuter began the quest for the Orb.
     0 | D:1      | Reached XP level 1. HP: 18/18 MP: 3/3
   394 | D:1      | Reached XP level 2. HP: 20/25 MP: 3/5
   923 | D:1      | Reached XP level 3. HP: 25/31 MP: 3/6
  2034 | D:3      | HP: 1/31 [adder (4)]
  2035 | D:3      | Quit the game

Skill      XL: |  1  2 |
---------------+-------+-----
Transmutations | 3 |  3.3
Fighting       | |  1.2
Dodging        | |  1.5
Stealth        | |  0.4
Unarmed Combat | |  3.1
Spellcasting   | |  2.4

Action                   || total
-------------------------++-------
Melee: Unarmed           ||    14
       Dagger            ||    60
       Headbutt          ||    19
       Whip              ||    80
 Cast: Beastly Appendage ||    25
  Use: Scroll            ||     2
  Eat: Chunk             ||     3
Armor: Robe              ||    12
       Scale mail        ||    68
Dodge: Dodged            ||    91
